 Dungeon Crawl Stone Soup version 0.23-a0-831-g5da158a (webtiles) character file.

1793 Fliddo the Frost Mage (level 9, -6/66 HPs)
             Began as a Merfolk Ice Elementalist on Jan 23, 2019.
             Was a Follower of Okawaru.
             Mangled by an orc warrior
             ... wielding a +0 glaive
              (19 damage)
             ... on level 6 of the Dungeon.
             The game lasted 01:22:00 (7292 turns).

Fliddo the Frost Mage (Merfolk Ice Elementalist)    Turns: 7292, Time: 01:22:01

Health: -6/66      AC:  8    Str:  8    XL:     9   Next: 9%
Magic:  11/12      EV: 14    Int: 14    God:    Okawaru [*.....]
Gold:   217        SH:  4    Dex: 18    Spells: 2/12 levels left

rFire    . . .     SeeInvis .   E - +1 trident
rCold    . . .     Gourm    .   g - +0 buckler
rNeg     + . .     Faith    .   n - +0 leather armour
rPois    .         Spirit   .   r - +1 helmet
rElec    .         Reflect  .   j - +0 cloak
rCorr    .         Harm     .   k - +0 pair of gloves
MR       .....                  p - +0 pair of boots
Stlth    ++........             (no amulet)
HPRegen  0.21/turn              l - ring of positive energy
MPRegen  0.13/turn              (no ring)

@: no status effects
A: change form in water, swift swim, stealthy swim
a: Heroism, Renounce Religion


You were on level 6 of the Dungeon.
You worshipped Okawaru.
Okawaru was aware of your devotion.
You were not hungry.

You visited 2 branches of the dungeon, and saw 7 of its levels.
You also visited: Ossuary.

You collected 217 gold pieces.

Inventory:

Hand Weapons
 E - a +1 trident (weapon)
Armour
 g - a +0 buckler (worn)
 j - a +0 cloak (worn)
 k - a +0 pair of gloves (worn)
 n - a +0 leather armour (worn)
 p - a +0 pair of boots (worn)
 r - a +1 helmet (worn)
Jewellery
 l - a ring of positive energy (left hand)
Wands
 y - a wand of disintegration (14)
Scrolls
 d - 3 scrolls of teleportation
 e - a scroll of identify
 i - a scroll of vulnerability {unknown}
 q - a scroll of amnesia {unknown}
 s - a scroll of enchant weapon
 u - 5 scrolls of remove curse
 w - a scroll of immolation {unknown}
 x - a scroll of fear
Potions
 a - a potion of brilliance {unknown}
 b - 3 potions of berserk rage
 f - 2 potions of curing
 h - a potion of ambrosia {unknown}
 o - a potion of mutation {unknown}
 t - a potion of haste {unknown}
 v - a potion of lignification {unknown}
 A - 2 potions of flight
 B - a potion of heal wounds {unknown}
Comestibles
 c - 3 rations
 m - 8 chunks of flesh


   Skills:
 + Level 4.4 Fighting
 + Level 3.5 Polearms
 - Level 5.0 Dodging
 - Level 2.1 Stealth
 - Level 2.0 Spellcasting
 + Level 3.4 Conjurations
 - Level 5.0 Charms
 + Level 2.7 Summonings
 - Level 8.0 Ice Magic


You had 2 spell levels left.
You knew the following spells:

 Your Spells              Type           Power        Failure   Level  Hunger
a - Freeze                Ice            ###.         2%          1    ##.....
b - Throw Frost           Conj/Ice       ###...       9%          2    ###....
c - Ozocubu's Armour      Chrm/Ice       ###.....     12%         3    ####...
d - Summon Ice Beast      Ice/Summ       ###.....     54%         4    #####..

Your spell library contained the following spells:

 Spells                   Type           Power        Failure   Level  Hunger
 Throw Icicle             Conj/Ice       ###.....     50%         4    #####..


Dungeon Overview and Level Annotations

Branches:
Dungeon (6/15)             Temple (1/1) D:4

Altars:
Ashenzari
Cheibriados
Fedhas
Gozag
Hepliaklqana
Kikubaaqudgha
Makhleb
Nemelex Xobeh
Okawaru
Qazlal
Ru
Sif Muna
Trog
Uskayaw
Vehumet
Wu Jian
Xom
Yredelemnul
Zin
The Shining One

Shops:
D:6 :

Annotations:
D:5 2 transporters, Somebody's ghost, novice DEWz


Message History

You reach to attack!
You hit the orc warrior.
The orc warrior is lightly wounded.
You feel sick.
The orc warrior hits you from afar with a +0 glaive!!
* * * LOW HITPOINT WARNING * * *
You feel better. The orc warrior closely misses you.
The orc warrior hits you with a +0 glaive!!
* * * LOW HITPOINT WARNING * * *
Things that are here:
a +2 dagger of venom; a +0 robe You feel better.
Casting: Freeze (safe; 2% risk of failure)
Confirm with . or Enter, or press ? or * to list all spells.
Aiming: Freeze (safe; 2% risk of failure)
Press: ? - help, Shift-Dir - straight line, f/p - orc warrior
Aim: an orc warrior, wielding a +0 glaive and wearing a +0 chain mail You freeze the orc warrior.
The orc warrior is moderately wounded.
The orc warrior hits you with a +0 glaive!!
You die...

#.# #........# ..#
#......#.# ..o ###
#......#.# ..##
#...)..#.# ..o.#
###..###.#. ....
#...###.#.###...###
####......# ..#.....#
#......######..5..#
######..........@o..#
#.......#....######.#
...####+###..#### .#
...+........>...# .#
...##...........# .#
................## .#
#'#.##...........# .#
#.#..............# .#
#.###............#


You could see an orc warrior and a crimson imp.

Vanquished Creatures
  The ghost of Duffy the Conjurer, an amateur NaWz (D:3)
  An orc warrior (D:6)
  A phantom (D:5)
  5 ogres
  2 bullfrogs
  4 scorpions
  2 crimson imps
  An orc priest (D:6)
  Ijyb (D:4)
  A bullfrog skeleton (D:5)
  An iguana (D:5)
  Jessica (D:3)
  Natasha (thrice) (D:4)
  5 orc wizards
  2 worker ants
  A worker ant zombie (D:6)
  10 adders
  A shadow imp (D:5)
  An ooze (D:1)
  An adder skeleton (D:4)
  5 worms
  6 dart slugs
  5 leopard geckos
  22 orcs
  6 bats
  5 giant cockroaches
  5 goblins
  11 hobgoblins
  11 jackals
  A ball python (D:4)
  A ball python skeleton (D:5)
  5 frilled lizards
  9 kobolds
  A leopard gecko skeleton (D:5)
  A quokka zombie (D:5)
  10 rats
149 creatures vanquished.

Notes
Turn   | Place    | Note
-------+----------+-------------------------------------------
     0 | D:1      | Fliddo the Merfolk Ice Elementalist began the quest for the
                  | Orb.
     0 | D:1      | Reached XP level 1. HP: 13/13 MP: 3/3
   416 | D:1      | Reached XP level 2. HP: 15/19 MP: 0/5
   503 | D:1      | Reached skill level 4 in Ice Magic
   699 | D:1      | Reached XP level 3. HP: 23/24 MP: 0/6
   757 | D:1      | Learned a level 2 spell: Throw Frost
   761 | D:1      | Learned a level 3 spell: Ozocubu's Armour
  1262 | D:2      | Reached skill level 1 in Charms
  1338 | D:2      | Reached skill level 5 in Ice Magic
  1338 | D:2      | Reached XP level 4. HP: 30/30 MP: 4/7
  2358 | D:3      | Found a runed gate.
  2359 | D:3      | Found a runed gate.
  2554 | D:3      | Reached XP level 5. HP: 34/35 MP: 4/8
  2556 | D:3      | Found a sparkling altar of Nemelex Xobeh.
  2642 | D:3      | Found a blossoming altar of Fedhas.
  2645 | D:3      | Found a bloodstained altar of Trog.
  2793 | D:3      | Found a runed gate.
  2839 | D:3      | Noticed Jessica
  2849 | D:3      | Noticed Duffy's ghost (amateur NaWz)
  3608 | D:3      | Killed Jessica
  3608 | D:3      | Reached skill level 6 in Ice Magic
  3608 | D:3      | Reached XP level 6. HP: 41/41 MP: 6/9
  3680 | D:3      | Killed Duffy's ghost
  3892 | D:4      | Reached skill level 1 in Conjurations
  4012 | D:4      | Reached skill level 1 in Fighting
  4012 | D:4      | Reached XP level 7. HP: 34/48 MP: 2/10
  4383 | D:4      | Noticed Natasha
  4394 | D:4      | Killed Natasha
  4433 | D:4      | Noticed Natasha
  4453 | D:4      | Killed Natasha
  4839 | D:4      | Reached skill level 5 in Charms
  4839 | D:4      | Reached skill level 7 in Ice Magic
  4877 | D:4      | Noticed Natasha
  4971 | D:4      | Reached XP level 8. HP: 55/57 MP: 4/11
  5247 | D:4      | Killed Natasha
  5340 | D:4      | Found a staircase to the Ecumenical Temple.
  5346 | Temple   | Entered the Ecumenical Temple
  5381 | Temple   | Became a worshipper of Warmaster Okawaru
  5442 | D:4      | Noticed Ijyb
  5458 | D:4      | Killed Ijyb
  5685 | D:5      | Entered Level 5 of the Dungeon
  5780 | D:5      | Found a sand-covered staircase.
  5790 | Ossuary  | Entered an ossuary
  5804 | Ossuary  | Learned a level 4 spell: Summon Ice Beast
  5963 | D:5      | Reached skill level 5 in Dodging
  6015 | D:5      | Reached skill level 1 in Summonings
  6445 | D:5      | Found a transporter.
  6448 | D:5      | Noticed Somebody's ghost (novice DEWz)
  6467 | D:5      | Found a transporter.
  6588 | D:5      | Found a shimmering altar of Xom.
  6600 | D:5      | Found a glowing silver altar of Zin.
  6782 | D:5      | Reached skill level 1 in Polearms
  6899 | D:6      | Reached * piety under Okawaru
  6936 | D:6      | Found Lilox's Book Shop.
  7068 | D:6      | Reached XP level 9. HP: 54/65 MP: 1/12
  7226 | D:6      | Reached skill level 8 in Ice Magic
  7292 | D:6      | Mangled by an orc warrior

Vault maps used:
D:1:      dpeg_arrival_radiant
D:3:      overflow_temple_1_default, grunt_temple_overflow_open,
          ebering_ghost_rock_garden, uniq_jessica
D:4:      minmay_temple_entry_hall, first_ration, uniq_ijyb, uniq_natasha
D:5:      kennysheep_mini_moat, zin_scriptorium, gammafunk_ghost_mausoleum,
          lightli_ossuary_entry_decrepit_ruins
D:6:      serial_shops, shop
Temple:   eino_wide_crystal_templ
Ossuary:  ossuary_minmay_scorpions

Skill      XL: |  1  2  3  4  5  6  7  8  9 |
---------------+----------------------------+-----
Ice Magic      | 4 5 6 7 8 |  8.0
Charms         | 1 2 3 4 5 |  5.0
Conjurations   | 1 2 3 |  3.4
Fighting       | 1 2 4 |  4.4
Dodging        | 3 4 5 |  5.0
Summonings     | 2 |  2.7
Polearms       | 3 |  3.5
Stealth        | |  2.1
Spellcasting   | |  2.0

Action                   |  1- 3 |  4- 6 |  7- 9 || total
-------------------------+-------+-------+-------++-------
Melee: Dagger            |     5 |       |   240 ||   245
       Short sword       |    23 |    49 |    26 ||    98
       Trident           |       |       |   130 ||   130
 Cast: Freeze            |    36 |    80 |   129 ||   245
       Throw Frost       |     7 |    20 |    18 ||    45
       Ozocubu's Armour  |       |     4 |     7 ||    11
  Use: Scroll            |       |       |    12 ||    12
       Potion            |       |       |     4 ||     4
 Stab: Sleeping          |     1 |     1 |     2 ||     4
  Eat: Chunk             |     2 |    12 |    12 ||    26
       Ration            |       |       |     3 ||     3
Armor: Robe              |     7 |       |       ||     7
       Leather armour    |     3 |    37 |   143 ||   183
Dodge: Dodged            |    28 |    44 |   251 ||   323
Block: Buckler           |     8 |    11 |    71 ||    90

Table legend:
 A = Non-vault XP
 B = Vault XP
 C = Vault XP percentage of total XP
 D = Non-vault monster count
 E = Vault monster count
 F = Vault count percentage of total count
                 A         B        C        D         E       F
            +---------+---------+-------+---------+---------+-------
      Total |    2261 |     301 |  11.7 |     145 |       4 |   2.7
            +---------+---------+-------+---------+---------+-------
        D:1 |      46 |       0 |   0.0 |      23 |       0 |   0.0
        D:2 |     108 |       0 |   0.0 |      31 |       0 |   0.0
        D:3 |     261 |     224 |  46.2 |      24 |       2 |   7.7
        D:4 |     699 |      77 |   9.9 |      20 |       2 |   9.1
        D:5 |     498 |       0 |   0.0 |      22 |       0 |   0.0
        D:6 |     649 |       0 |   0.0 |      25 |       0 |   0.0
            +---------+---------+-------+---------+---------+-------
